 Dungeon Sprint DCSS version 0.21.1-1-g345015f (webtiles) character file.

1723 Mesmaeker13 the Basher (level 8, 0/129 HPs)
             Began as a Minotaur Gladiator on Apr 13, 2018.
             Was a Believer of Trog.
             Slain by a demonic crawler (2 damage)
             ... in the Dungeon (Sprint I: "Red Sonja").
             The game lasted 00:01:55 (724 turns).

Mesmaeker13 the Basher (Minotaur Gladiator)          Turns: 724, Time: 00:01:56

Health: 0/129      AC:  3    Str: 25    XL:     8   Next: 75%
Magic:  7/7        EV: 19    Int:  3    God:    Trog [**....]
Gold:   128        SH:  0    Dex: 13    Spells: 7/7 levels left

rFire    + . .     SeeInvis +   a - +0 flail
rCold    . . .     Gourm    .   (no shield)
rNeg     . . .     Faith    .   b - +0 leather armour
rPois    +         Spirit   .   c - +0 hat
rElec    .         Reflect  .   (no cloak)
rCorr    .         Harm     .   (no gloves)
MR       .....     NoTele   +   (no boots)
Stlth    ..........             (no amulet)
HPRegen  0.31/turn              m - ring of Dyeh {rPois rF+ Int-2 SInv}
MPRegen  0.10/turn              (no ring)

@: berserking, very quick
A: retaliatory headbutt, horns 2
a: Berserk, Trog's Hand, Burn Spellbooks, Renounce Religion


You were in the Dungeon.
You worshipped Trog.
Trog was pleased with you.
You were not hungry.

You visited 1 branch You collected 418 gold pieces.
You spent 290 gold pieces at shops.

Inventory:

Hand Weapons
 a - a +0 flail (weapon)
Armour
 b - a +0 leather armour (worn)
 c - a +0 hat (worn)
Jewellery
 m - the ring of Dyeh (left hand) {rPois rF+ Int-2 SInv}
   (You bought it in a shop in the Dungeon)

   [ring of see invisible]

   It affects your intelligence (-2).
   It protects you from fire.
   It protects you from poison.
   It lets you see invisible.
Scrolls
 k - a scroll of blinking
Potions
 e - a potion of curing
 g - a potion of heal wounds
 h - a potion of haste
 i - 2 potions of magic
Comestibles
 f - a ration


   Skills:
 + Level 13.3 Fighting
 + Level 13.5 Maces & Flails
 - Level 2.0 Throwing
 + Level 12.5 Dodging


You had 7 spell levels left.
You didn't know any spells.

Dungeon Overview and Level Annotations

Branches:
Dungeon (1/1)

Altars:
Cheibriados
Dithmenos
Elyvilon
Fedhas
Gozag
Hepliaklqana
Kikubaaqudgha
Makhleb
Nemelex Xobeh
Okawaru
Qazlal
Ru
Sif Muna
Trog
Uskayaw
Vehumet
Wu Jian
Xom
Yredelemnul
Zin
The Shining One
Jiyva
Lugonu

Shops:
D =


Innate Abilities, Weirdness & Mutations

You reflexively headbutt those who attack you in melee.
You have a pair of horns on your head.


Message History

Trog accepts your kill. The demonic crawler hits you!
* * * LOW HITPOINT WARNING * * *
The demonic crawler barely misses you. x2
There is an open door, spattered with blood here.
You see here a demonic crawler corpse.
You bludgeon the demonic crawler!!
The demonic crawler is heavily wounded.
The demonic crawler completely misses you.
The demonic crawler closely misses you. The demonic crawler hits you.
* * * LOW HITPOINT WARNING * * *
The demonic crawler hits you!
* * * LOW HITPOINT WARNING * * *
The demonic crawler misses you. The demonic crawler barely misses you.
You bludgeon the demonic crawler!!
The demonic crawler is almost dead.
The demonic crawler hits you.
* * * LOW HITPOINT WARNING * * *
The demonic crawler hits you.
You die...

##########################
#<.#.))..#..'..#__#..')..#
#..'..#..').#.ss..'..#)..##+#
#..#####'#####@#__####...'.s#
#..####..#...#.#### #####..+
#..#__####..##)# ##
#..#_____##'#_.+
#⌠⌠#_.∩...'..._#
####_..__##_.#'#
#_____###+#.# ####### ###


You could see 2 demonic crawlers.

Vanquished Creatures
  2 demonic crawlers (D)
  2 kobold demonologists (D)
  A slime creature (D)
  Sigmund (D)
  A yak (D)
  A floating eye (D)
  An ogre (D)
  A jelly (D)
  Ijyb (D)
11 creatures vanquished.

Vanquished Creatures (others)
  A gargoyle (D)
1 creature vanquished.

Grand Total: 12 creatures vanquished

Notes
Turn   | Place    | Note
-------+----------+-------------------------------------------
     0 | D        | Mesmaeker13 the Minotaur Gladiator began the quest for the Orb.
     0 | D        | Reached XP level 1. HP: 18/18 MP: 0/0
     1 | D        | Noticed Ijyb
    19 | D        | Killed Ijyb
    19 | D        | Reached skill level 5 in Maces & Flails
    19 | D        | Reached XP level 2. HP: 8/28 MP: 1/1
   239 | D        | Noticed an ogre
   245 | D        | Killed an ogre
   245 | D        | Reached XP level 3. HP: 38/38 MP: 2/2
   245 | D        | Reached XP level 4. HP: 45/45 MP: 3/3
   264 | D        | Noticed Sigmund
   271 | D        | Killed Sigmund
   271 | D        | Reached XP level 5. HP: 45/56 MP: 4/4
   339 | D        | Found a deep blue altar of Sif Muna.
   340 | D        | Found an ornate altar of the Wu Jian Council.
   341 | D        | Found a radiant altar of Vehumet.
   343 | D        | Reached XP level 6. HP: 58/63 MP: 5/5
   395 | D        | Found Bokaakau's Jewellery Emporium.
   395 | D        | Found an ancient bone altar of Kikubaaqudgha.
   395 | D        | Found a hazy altar of Hepliaklqana.
   395 | D        | Found a stormy altar of Qazlal.
   395 | D        | Found a hide-covered altar of Uskayaw.
   395 | D        | Found a blossoming altar of Fedhas.
   395 | D        | Found a bloodstained altar of Trog.
   395 | D        | Found an iron altar of Okawaru.
   395 | D        | Found a basalt altar of Yredelemnul.
   395 | D        | Found a glowing golden altar of the Shining One.
   395 | D        | Found a snail-covered altar of Cheibriados.
   395 | D        | Found a sacrificial altar of Ru.
   395 | D        | Found a glowing silver altar of Zin.
   395 | D        | Found a shadowy altar of Dithmenos.
   395 | D        | Found a white marble altar of Elyvilon.
   395 | D        | Noticed a yak
   399 | D        | Killed a yak
   399 | D        | Reached skill level 10 in Fighting
   399 | D        | Reached skill level 10 in Maces & Flails
   400 | D        | Found an opulent altar of Gozag.
   403 | D        | Found a sparkling altar of Nemelex Xobeh.
   408 | D        | Became a worshipper of Trog the Wrathful
   410 | D        | Bought the ring of Dyeh {rPois rF+ Int-2 SInv} for 290 gold pieces
   464 | D        | Found a burning altar of Makhleb.
   464 | D        | Found a viscous altar of Jiyva.
   464 | D        | Found a shimmering altar of Xom.
   464 | D        | Found a corrupted altar of Lugonu.
   464 | D        | Noticed a slime creature
   472 | D        | Killed a slime creature
   472 | D        | Reached skill level 10 in Dodging
   472 | D        | Reached XP level 7. HP: 53/74 MP: 6/6
   578 | D        | Noticed a kobold demonologist
   579 | D        | Noticed a kobold demonologist
   581 | D        | Paralysed by a floating eye for 2 turns
   587 | D        | Noticed a rust devil
   587 | D        | Noticed a sun demon
   589 | D        | Noticed a sixfirhy
   589 | D        | Killed a kobold demonologist
   589 | D        | Reached * piety under Trog
   593 | D        | Killed a kobold demonologist
   593 | D        | Reached ** piety under Trog
   593 | D        | Reached XP level 8. HP: 85/85 MP: 7/7
   634 | D        | Killed a gargoyle
   694 | D        | Noticed a demonic crawler
   694 | D        | Noticed a demonic crawler
   694 | D        | Noticed a demonic crawler
   694 | D        | Noticed a demonic crawler
   715 | D        | Killed a demonic crawler
   721 | D        | Killed a demonic crawler
   723 | D        | HP: 5/129 [demonic crawler (9)]
   724 | D        | HP: 2/129 [demonic crawler (3)]
   724 | D        | Slain by a demonic crawler

Skill      XL: |  1  2  3  4  5  6  7  8 |
---------------+-------------------------+-----
Fighting       | 4 6 8 9 11 12 13 | 13.3
Maces & Flails | 5 7 9 11 12 13 | 13.5
Dodging        | 4 6 8 10 11 12 | 12.5
Throwing       | |  2.0

Action                   |  1- 3 |  4- 6 |  7- 9 || total
-------------------------+-------+-------+-------++-------
Melee: Flail             |    19 |    18 |    26 ||    63
       Headbutt          |     5 |     6 |     4 ||    15
Throw: Throwing net      |     3 |     1 |     2 ||     6
Invok: Berserk           |       |       |     1 ||     1
  Use: Potion            |       |       |     1 ||     1
 Stab: Held in net/web   |     2 |       |       ||     2
Armor: Leather armour    |     4 |       |     4 ||     8
Dodge: Dodged            |     5 |     7 |    35 ||    47
